 Dungeon Crawl Stone Soup version 0.29.1-15-g9cfb28693d (webtiles) character file.

Game seed: 6003780782358413739

138 devnull the Poker (level 5, -3/38 HPs)
             Began as a Merfolk Gladiator on Apr 18, 2023.
             Killed from afar by Robin (18 damage)
             ... with a bolt of dispelling energy
             ... on level 2 of the Dungeon.
             The game lasted 00:03:41 (2110 turns).

devnull the Poker (Merfolk Gladiator)               Turns: 2110, Time: 00:03:41

Health: -3/38      AC:  8    Str: 16    XL:     5   Next: 21%
Magic:  5/5        EV: 13    Int:  7    God:
Gold:   61         SH:  0    Dex: 16    Spells: 4/4 levels left

rFire   . . .      SeeInvis .   a - +0 halberd
rCold   . . .      Faith    .   (shield currently unavailable)
rNeg    . . .      Spirit   .   l - +3 leather armour
rPois   +          Reflect  .   c - +0 helmet
rElec   .          Harm     .   (no cloak)
rCorr   .          Rampage  .   h - +0 pair of gloves
Will    .....                   (no boots)
Stlth   +.........              (no amulet)
HPRegen 0.12/turn               g - ring of poison resistance
MPRegen 0.09/turn               (no ring)

@: no status effects
A: (nimble swimmer 2), mertail
a: no special abilities


You were on level 2 of the Dungeon.
You visited 1 branch of the dungeon, and saw 2 of its levels.

You collected 61 gold pieces.

Inventory:

Hand Weapons
 a - a +0 halberd (weapon)
Missiles
 d - 3 throwing nets (quivered) {!f}
 e - a javelin
 j - 4 atropa-tipped darts {!f}
Armour
 b - a +0 leather armour
 c - a +0 helmet (worn)
 h - a +0 pair of gloves (worn)
 l - a +3 leather armour (worn)
Jewellery
 g - a ring of poison resistance (left hand)
 k - a ring of wizardry
 m - a ring of fire
Scrolls
 f - a scroll of teleportation
Potions
 i - 2 potions of invisibility
 n - 3 potions of curing {unknown}


   Skills:
 - Level 2.1 Fighting
 + Level 7.6 Polearms
 - Level 2.0 Throwing
 - Level 4.0 Dodging


You had 4 spell levels left.
You didn't know any spells.
Your spell library contained the following spells:

 Spells                   Type           Power      Damage    Failure   Level
 Shock                    Conj/Air       0%         1d3       50%         1
 Stone Arrow              Conj/Erth      0%         3d7       86%         3
 Swiftness                Air            0%         N/A       86%         3
 Airstrike                Air            0%         2d(0-16)  99%         4
 Animate Armour           Summ/Erth      0%         N/A       99%         4
 Lehudib's Crystal Spear  Conj/Erth      0%         10d2      100%        8


Dungeon Overview and Level Annotations

Branches:
Dungeon (2/15)

Altars:

Annotations:
D:2 Robin


Innate Abilities, Weirdness & Mutations

((You are very nimble when in or above water. (Stealth+, EV+, Speed+++)))
Your lower body shifts to a powerful aquatic tail in water.


Message History

The hobgoblin attacks as you move away! The hobgoblin closely misses you.
You closely miss the hobgoblin. The hobgoblin barely misses you.
You barely miss the hobgoblin. The hobgoblin closely misses you.
You barely miss the hobgoblin.
The hobgoblin no longer looks unusually strong.
The hobgoblin hits you. Robin throws the goblin at you!
The goblin hits you with a +0 dagger. The hobgoblin barely misses you.
You are too injured to fight recklessly!
You are too injured to fight recklessly!
You hit the goblin but do no damage.
The goblin no longer looks unusually strong.
The hobgoblin hits you. The goblin hits you but does no damage.
You closely miss the goblin.
The hobgoblin hits you but does no damage.
The goblin hits you but does no damage.
You closely miss the goblin.
The goblin no longer looks unusually strong.
Robin barely misses you. The hobgoblin misses you.
The goblin hits you with a +0 dagger.
You hit the goblin.
The goblin is heavily wounded.
Robin roars a battlecry!
The goblins go into a battle-frenzy!
The hobgoblin misses you. The goblin misses you.
You barely miss the goblin.
The goblin is heavily wounded.
The hobgoblin barely misses you. The goblin misses you.
You closely miss the goblin.
The goblin is heavily wounded.
The hobgoblin completely misses you. The goblin barely misses you.
You closely miss the goblin.
The goblin is heavily wounded.
The hobgoblin closely misses you. The goblin hits you with a +0 dagger.
You barely miss the goblin.
The goblin is heavily wounded.
Robin zaps a wand.
The bolt of dispelling energy hits the hobgoblin!
The hobgoblin dies!
The bolt of dispelling energy hits you!!
You die...

..............#
..............# #
#.............# .#
#.......g.....##.#..
.........g.......#..
............).......
.......>..g.........
.......!####g.......
.........g@)g.......
.........###g.......
.........# #........
.........# #).......
.........# #........
#########+##..#
#........ #.#
#.......# #..#
######### #.#
#.......#.##..# #.#
#.......#.....###
#.#


You could see Robin and 3 goblins.

Vanquished Creatures
  Jessica (D:2)
  4 gnolls (D:2)
  An adder (D:2)
  8 ball pythons
  4 endoplasms
  2 giant cockroaches
  12 goblins
  7 hobgoblins
  3 jackals (D:1)
  4 quokkas
  7 bats
  2 frilled lizards (D:2)
  4 kobolds (D:1)
  2 rats
61 creatures vanquished.

Vanquished Creatures (others)
  A hobgoblin (D:2)
1 creature vanquished.

Grand Total: 62 creatures vanquished

Notes
Turn   | Place    | Note
-------+----------+-------------------------------------------
     0 | D:1      | devnull the Merfolk Gladiator began the quest for the Orb.
     0 | D:1      | Reached XP level 1. HP: 16/16 MP: 1/1
   174 | D:1      | Reached XP level 2. HP: 21/22 MP: 2/2
   222 | D:1      | Reached skill level 5 in Polearms
   791 | D:1      | Reached XP level 3. HP: 17/27 MP: 3/3
  1494 | D:2      | Found a faded altar of an unknown god.
  1507 | D:2      | Reached skill level 6 in Polearms
  1527 | D:2      | Reached XP level 4. HP: 21/33 MP: 4/4
  1709 | D:2      | Identified the +2 leather armour of a wizard's laboratory
                  | {rPois Str+2 Dex-5}
  1911 | D:2      | Reached skill level 7 in Polearms
  2021 | D:2      | Noticed Jessica
  2031 | D:2      | Killed Jessica
  2032 | D:2      | Reached XP level 5. HP: 34/38 MP: 5/5
  2088 | D:2      | Noticed Robin
  2110 | D:2      | Killed from afar by Robin

Illustrated notes

Levels and vault maps discovered:
D:1:      amcnicky_arrival_abandoned_market, layout_loops_corners,
          minmay_misc_feat_secret_circle, st_stairs_9, minmay_vboxes
D:2:      layout_basic, hellmonk_ecumenical_altar_blasted, uniq_robin,
          uniq_jessica

Skill      XL: |  1  2  3  4 |
---------------+-------------+-----
Polearms       | 5 6 7 |  7.6
Fighting       | |  2.1
Throwing       | |  2.0
Dodging        | |  4.0

Action                   |  1- 3 |  4- 6 || total
-------------------------+-------+-------++-------
Melee: Trident           |   129 |    26 ||   155
       Punch             |     1 |       ||     1
       Halberd           |       |    43 ||    43
  Use: Scroll            |     3 |     1 ||     4
 Stab: Sleeping          |     2 |       ||     2
Armor: Leather armour    |    30 |    19 ||    49
Dodge: Dodged            |    67 |    51 ||   118
